 Dungeon Crawl Stone Soup version 0.29.1-2-gbd0b4ee654 (webtiles) character file.

Game seed: 14984811137347588727

47533 quakins the Grappler (level 14, -3/150 HPs)
             Began as a Troll Transmuter on Oct 31, 2022.
             Was a High Priest of Okawaru.
             Slain by a death yak (17 damage)
             ... on level 5 of the Lair of Beasts.
             The game lasted 00:33:53 (14901 turns).

quakins the Grappler (Troll Transmuter)            Turns: 14901, Time: 00:33:53

Health: -3/150     AC:  5    Str: 21    XL:     14   Next: 8%
Magic:  10/16      EV: 17    Int: 12    God:    Okawaru [*****.]
Gold:   1327       SH: 10    Dex: 10    Spells: 14/15 levels left

rFire   + + .      SeeInvis .     - Unarmed
rCold   + . .      Faith    .   O - +0 kite shield
rNeg    + . .      Spirit   .   Z - +1 robe of the Cicada {rF++ rC+ rN+ Str-4}
rPois   .          Reflect  .   Q - +0 hat {Int+3}
rElec   .          Harm     .   (no cloak)
rCorr   .          Rampage  .   (gloves unavailable)
Will    ++...                   (boots unavailable)
Stlth   +++.......              y - amulet of regeneration
HPRegen 1.95/turn               g - ring of willpower
MPRegen 0.15/turn               L - +4 ring of evasion

@: heroic, finesse-ful
A: large, unfitting armour, claws 3, regeneration 1, shaggy fur 1, tough skin 1
a: Renounce Religion, Heroism, Finesse, Duel


You were on level 5 of the Lair of Beasts.
You worshipped Okawaru.
Okawaru was extremely pleased with you.
You visited 3 branches of the dungeon, and saw 17 of its levels.
You also visited: Bailey.

You collected 1371 gold pieces.
You spent 44 gold pieces at shops.

Inventory:

Hand Weapons
 Y - the +4 giant spiked club of True Grit {freeze, Str+4}
   (Okawaru gifted it to you on level 4 of the Lair of Beasts)

   It freezes those it strikes, dealing additional cold damage.
   It can also slow down cold-blooded creatures.
   Str:       It affects your strength (+4).
Missiles
 m - 3 throwing nets
 o - 37 poisoned darts
 I - 14 boomerangs (quivered)
Armour
 O - a +0 kite shield (worn)
 Q - a +0 hat of intelligence (worn)
 U - the +3 tower shield of Henotheism {rCorr}
   (Okawaru gifted it to you on level 2 of the Lair of Beasts)

   rCorr:     It protects you from acid and corrosion.
 Z - the +1 robe of the Cicada (worn) {rF++ rC+ rN+ Str-4}
   (Okawaru gifted it to you on level 4 of the Lair of Beasts)

   Str:       It affects your strength (-4).
   rF:        It greatly protects you from fire.
   rC:        It protects you from cold.
   rN:        It protects you from negative energy.
Jewellery
 a - a +6 ring of intelligence
 g - a ring of willpower (left claw)
 j - a +4 ring of protection
 y - an amulet of regeneration (around neck)
 F - an amulet of the acrobat
 J - a ring of flight
 L - a +4 ring of evasion (right claw)
Wands
 p - a wand of polymorph (13)
 S - a wand of roots (10)
Scrolls
 c - 2 scrolls of poison
 e - 5 scrolls of magic mapping
 i - 5 scrolls of teleportation
 l - 5 scrolls of amnesia
 q - 3 scrolls of vulnerability
 s - 2 scrolls of silence
 u - 4 scrolls of fog
 v - 2 scrolls of fear
 w - 5 scrolls of blinking {unknown}
 x - 2 scrolls of immolation {unknown}
 B - 2 scrolls of brand weapon
 C - 2 scrolls of enchant weapon {unknown}
 D - 8 scrolls of identify
 G - a scroll of enchant armour {unknown}
 H - a scroll of summoning {unknown}
 M - 3 scrolls of noise {unknown}
 X - a scroll of torment {unknown}
Potions
 b - 2 potions of lignification
 d - 6 potions of degeneration
 f - 4 potions of berserk rage
 h - 5 potions of invisibility
 k - 3 potions of haste
 n - 3 potions of attraction
 r - 11 potions of flight
 t - 6 potions of curing
 z - 4 potions of might {unknown}
 A - 2 potions of heal wounds {unknown}
 E - 2 potions of cancellation {unknown}
 K - 3 potions of ambrosia {unknown}
 T - 2 potions of brilliance {unknown}
Miscellaneous
 R - a condenser vane
 W - a tin of tremorstones (2/2)


   Skills:
 + Level 12.8(17.8) Fighting
 - Level 10.0(15.0) Dodging
 - Level 6.0(11.0) Shields
 - Level 14.0(19.0) Unarmed Combat
 - Level 1.2 Spellcasting
 - Level 1.3 Transmutations
 - Level 5.0 Invocations


You had 14 spell levels left.
You knew the following spells:

 Your Spells              Type           Power      Damage    Failure   Level
a - Beastly Appendage     Tmut           8%         N/A       30%         1

Your spell library contained the following spells:

 Spells                   Type           Power      Damage    Failure   Level
 Wereblood                Tmut           4%         N/A       41%         2
 Shock                    Conj/Air       0%         1d3       47%         1
 Static Discharge         Conj/Air       0%         3-3/arc   63%         2
 Spider Form              Tmut/Pois      2%         N/A       75%         3
 Ignite Poison            Fire/Tmut/Pois 1%         N/A       78%         3
 Confusing Touch          Hex            0%         N/A       85%         3
 Dazzling Flash           Conj/Hex       0%         N/A       85%         3
 Gell's Gravitas          Tloc           0%         N/A       85%         3
 Mephitic Cloud           Conj/Pois/Air  0%         N/A       85%         3
 Swiftness                Air            0%         N/A       85%         3
 Teleport Other           Tloc           0%         N/A       85%         3
 Ice Form                 Ice/Tmut       2%         N/A       98%         4
 Airstrike                Air            0%         2d(0-16)  99%         4
 Dispel Undead            Necr           0%         3d6       99%         4
 Iskenderun's Mystic Bla  Conj/Tloc      0%         2d3       99%         4
 Passage of Golubria      Tloc           0%         N/A       99%         4
 Sticky Flame             Conj/Fire      0%         2d3       99%         4
 Agony                    Necr           0%         N/A       100%        5
 Freezing Cloud           Conj/Ice/Air   0%         6-21      100%        5
 Silence                  Hex/Air        0%         N/A       100%        5
 Yara's Violent Unravell  Hex/Tmut       1%         3d3       100%        5
 Dispersal                Tloc           0%         N/A       100%        6
 Starburst                Conj/Fire      0%         6d3       100%        6
 Enfeeble                 Hex            0%         N/A       100%        7
 Tukima's Dance           Hex            Unusable   N/A       N/A         3

Dungeon Overview and Level Annotations

Branches:
Dungeon (11/15)            Temple (1/1) D:7            Lair (5/5) D:10
 Shoals (0/4) Lair:2        Snake (0/4) Lair:2          Orc (0/2) D:10
 Bailey (visited)
  Slime: Lair:4-5

Altars:
Ashenzari
Dithmenos
Fedhas
Hepliaklqana
Kikubaaqudgha
Nemelex Xobeh
Okawaru
Qazlal
Sif Muna
Trog
Uskayaw
Vehumet
Zin

Shops:
D:3 ?   D:6 (

Portals:
Trove: D:11 (show slimy rune of Zot)


Innate Abilities, Weirdness & Mutations

You are too large for most types of armour.
You have claws for hands.
Your natural rate of healing is unusually fast.
You are covered in fur. (AC +1)
You have tough skin. (AC +1)


Message History

You claw one of the ten-headed hydra's heads off!
The nine-headed hydra grows two more!
You claw the 11-headed hydra!
The 11-headed hydra is severely wounded.
The 11-headed hydra bites you.
The 11-headed hydra completely misses you.
You block the 11-headed hydra's attack.
The 11-headed hydra completely misses you.
The 11-headed hydra misses you. The 11-headed hydra closely misses you.
The 11-headed hydra bites you! You block the 11-headed hydra's attack.
The 11-headed hydra bites you. You block the 11-headed hydra's attack.
The 11-headed hydra misses you.
You tear one of the 11-headed hydra's heads off!
The ten-headed hydra grows two more!
You mangle the 12-headed hydra!!
The 12-headed hydra is almost dead.
You barely miss the 12-headed hydra.
The 12-headed hydra is almost dead.
You tear one of the 12-headed hydra's heads off!
The 11-headed hydra grows two more!
You claw the 13-headed hydra!
The 13-headed hydra is almost dead.
The 13-headed hydra bites you! The 13-headed hydra closely misses you.
The 13-headed hydra bites you but does no damage.
You block the 13-headed hydra's attack. The 13-headed hydra bites you!
The 13-headed hydra closely misses you. The 13-headed hydra bites you!
* * * LOW HITPOINT WARNING * * *
The 13-headed hydra bites you!
* * * LOW HITPOINT WARNING * * *
The 13-headed hydra bites you!
* * * LOW HITPOINT WARNING * * *
You block the 13-headed hydra's attack. The 13-headed hydra misses you. x2
The 13-headed hydra bites you!
* * * LOW HITPOINT WARNING * * *
You rip one of the 13-headed hydra's heads off!
The 12-headed hydra grows two more!
You mangle the 14-headed hydra!!
You kill the 14-headed hydra!
Okawaru accepts your kill.
The death yak bellows!
You block the death yak's attack.
You see here a death yak corpse.
The death yak attacks as you move away! The death yak gores you!
You die...

♣♣.♣♣ ##. ##
♣.♣♣ ## ##.
♣♣.♣ ##
.#... ♣.♣♣
#. #.... ♣.♣
## (.....
♣♣.♣♣ ##.
....♣ ♣...♣
#..
#.P♣♣♣♣..♣♣
#8.
#.Y@♣♣.♣♣.♣
#..
#...YYY♣..♣♣
.♣ ##.
#.....Y♣♣♣♣
♣. #...
.....#♣ .♣
#... .....
♣. ♣....
.... ♣♣
#.... ...
##... ...
....


You could see 5 death yaks.

Vanquished Creatures
  Gastronok (D:11)
  The ghost of Getisk the Envoy of Void, a journeyman PaAK of Lugonu (Lair:3)
  Snorg (Lair:2)
  2 hydras
  2 boulder beetles
  Fannar (Lair:3)
  Erolcha (D:9)
  A catoblepas (Lair:4)
  13 death yaks
  Pikel (D:8)
  An orc knight (Bailey)
  A manticore (D:11)
  23 elephants
  6 black mambas
  A gargoyle (D:6)
  Joseph (D:9)
  12 cane toads
  An unseen horror (D:11)
  8 komodo dragons
  3 polar bears
  Grinder (D:4)
  Prince Ribbit (D:9)
  6 dream sheep (Lair:5)
  A shadow (D:11)
  A wraith (D:9)
  27 yaks
  3 wyverns
  4 basilisks
  4 nagas (Lair:2)
  9 water moccasins
  3 acid dragons
  5 black bears
  2 ice beasts
  7 orc warriors
  A sky beast (D:7)
  4 boggarts (Lair:5)
  2 centaurs (D:8)
  An ogre (D:7)
  11 wolves
  A lemure (D:8)
  A phantom (D:5)
  3 kobold brigands
  13 bullfrogs
  A necrophage (D:6)
  3 gnoll sergeants
  3 scorpions
  4 wights (D:6)
  9 killer bees (D:10)
  2 vampire bats (D:4)
  16 howler monkeys
  A lava snake (D:11)
  5 hounds
  4 jellies
  9 orc priests
  3 gnoll boudas
  2 iguanas
  13 orc wizards
  30 gnolls
  5 adders
  2 shadow imps (D:6)
  2 white imps (D:5)
  An ufetubus (D:6)
  3 dart slugs
  71 orcs
  5 ball pythons
  6 endoplasms
  6 giant cockroaches
  10 hobgoblins
  16 jackals (D:3)
  3 quokkas
  9 bats
  6 frilled lizards
  8 goblins
  31 kobolds
  5 rats
486 creatures vanquished.

Vanquished Creatures (others)
  19 fungi
  24 plants
43 creatures vanquished.

Grand Total: 529 creatures vanquished

Notes
Turn   | Place    | Note
-------+----------+-------------------------------------------
     0 | D:1      | quakins the Troll Transmuter began the quest for the Orb.
     0 | D:1      | Reached XP level 1. HP: 18/18 MP: 1/1
   174 | D:1      | Reached XP level 2. HP: 25/26 MP: 2/2
   237 | D:1      | Found a faded altar of an unknown god.
   252 | D:1      | You fall into a shaft and drop 1 floor!
   444 | D:2      | Reached skill level 4 in Unarmed Combat
   484 | D:2      | Reached XP level 3. HP: 32/32 MP: 3/3
  1670 | D:2      | Reached skill level 5 in Unarmed Combat
  1670 | D:2      | Reached XP level 4. HP: 31/40 MP: 4/4
  1724 | D:3      | Found Ynopo's Magic Scroll Shoppe.
  1729 | D:3      | Bought a scroll of identify for 22 gold pieces
  1729 | D:3      | Bought a scroll of identify for 22 gold pieces
  1783 | D:3      | Noticed a gnoll sergeant
  2079 | D:3      | Reached skill level 6 in Unarmed Combat
  2079 | D:3      | Reached XP level 5. HP: 44/46 MP: 5/5
  2134 | D:3      | Reached XP level 6. HP: 54/54 MP: 6/6
  2337 | D:3      | Reached skill level 7 in Unarmed Combat
  2680 | D:3      | Reached skill level 8 in Unarmed Combat
  2680 | D:3      | Reached XP level 7. HP: 58/61 MP: 7/7
  2874 | D:4      | Noticed Grinder
  2885 | D:4      | Killed Grinder
  2886 | D:4      | Reached skill level 9 in Unarmed Combat
  3114 | D:4      | Found a bloodstained altar of Trog.
  3582 | D:4      | Reached XP level 8. HP: 57/68 MP: 8/8
  3601 | D:4      | Reached skill level 10 in Unarmed Combat
  3604 | D:4      | Reached skill level 1 in Fighting
  3640 | D:5      | Entered Level 5 of the Dungeon
  3760 | D:5      | Found a sparkling altar of Nemelex Xobeh.
  4302 | D:6      | Noticed a gargoyle
  4318 | D:6      | Killed a gargoyle
  4319 | D:6      | Reached skill level 5 in Fighting
  4418 | D:6      | Reached XP level 9. HP: 88/89 MP: 9/9
  4571 | D:6      | Found Bufog's Antique Weapon Shoppe.
  4906 | D:6      | Found a stormy altar of Qazlal.
  5289 | D:7      | Found a staircase to the Ecumenical Temple.
  5323 | Temple   | Entered the Ecumenical Temple
  5348 | Temple   | Became a worshipper of Warmaster Okawaru
  5414 | D:7      | Identified the +3 chain mail of Divine Intervention
                  | {*Corrode rElec rPois}
  5892 | D:8      | Reached XP level 10. HP: 85/107 MP: 10/10
  5950 | D:8      | Found a flagged portal.
  5967 | Bailey   | Entered a bailey
  6052 | Bailey   | Noticed an orc knight
  6144 | Bailey   | Killed an orc knight
  6144 | Bailey   | Reached * piety under Okawaru
  6303 | Bailey   | Reached skill level 10 in Fighting
  6711 | D:8      | Noticed Pikel
  6726 | D:8      | Killed Pikel
  6770 | D:8      | Reached ** piety under Okawaru
  7035 | D:8      | Reached *** piety under Okawaru
  7157 | D:9      | Noticed Erolcha
  7274 | D:9      | Found a broken altar of Ashenzari.
  7371 | D:9      | Noticed a boulder beetle
  7381 | D:9      | Killed a boulder beetle
  7774 | D:9      | Killed Erolcha
  7774 | D:9      | Reached **** piety under Okawaru
  7775 | D:9      | Reached skill level 1 in Invocations
  7775 | D:9      | Reached XP level 11. HP: 92/123 MP: 8/11
  7819 | D:9      | Found a radiant altar of Vehumet.
  7960 | D:9      | Noticed Joseph
  7966 | D:9      | Killed Joseph
  8181 | D:9      | Noticed Prince Ribbit
  8196 | D:9      | Killed Prince Ribbit
  8280 | D:10     | Entered Level 10 of the Dungeon
  8712 | D:10     | Identified the +0 leather armour "Usasmer" {Drain rElec
                  | rPois rF+}
  8732 | D:10     | Found a shimmering blue altar of Sif Muna.
  8895 | D:10     | Found a staircase to the Orcish Mines.
  9019 | D:10     | Found a staircase to the Lair.
  9580 | D:11     | Reached skill level 5 in Invocations
  9708 | D:11     | Found a hide-covered altar of Uskayaw.
  9812 | D:11     | Reached ***** piety under Okawaru
  9861 | D:11     | Found a portal to a secret trove of treasure.
 10028 | D:11     | Noticed Gastronok
 10045 | D:11     | Killed Gastronok
 10045 | D:11     | Received a gift from Okawaru
 10046 | D:11     | Reached skill level 5 in Dodging
 10252 | Lair:1   | Entered Level 1 of the Lair of Beasts
 10318 | D:10     | Reached skill level 1 in Shields
 10414 | Lair:1   | You fall into a shaft and drop 1 floor!
 10459 | Lair:2   | Reached XP level 12. HP: 47/132 MP: 12/14
 10637 | Lair:2   | Received a gift from Okawaru
 10638 | Lair:2   | Reached skill level 5 in Shields
 11090 | Lair:2   | Found a staircase to the Snake Pit.
 11375 | Lair:2   | Identified the +3 tower shield of Henotheism {rCorr}
                  | (Okawaru gifted it to you on level 2 of the Lair of Beasts)
 11375 | Lair:2   | Received a gift from Okawaru
 11379 | Lair:2   | Found a staircase to the Shoals.
 12026 | Lair:1   | Noticed a six-headed hydra
 12040 | Lair:1   | Killed a ten-headed hydra
 12361 | Lair:3   | Found a runed translucent door.
 12366 | Lair:3   | Noticed Getisk's ghost (journeyman PaAK)
 12382 | Lair:3   | Noticed Snorg
 12398 | Lair:2   | Killed Snorg
 12607 | Lair:3   | Reached skill level 10 in Dodging
 12607 | Lair:3   | Reached XP level 13. HP: 138/140 MP: 12/15
 12808 | Lair:3   | Noticed Fannar
 12836 | Lair:3   | Killed Fannar
 12865 | Lair:3   | Reached skill level 11 in Unarmed Combat
 13224 | Lair:3   | Killed Getisk's ghost
 13347 | Lair:4   | Identified the +4 giant spiked club of True Grit {freeze,
                  | Str+4} (Okawaru gifted it to you on level 4 of the Lair of
                  | Beasts)
 13347 | Lair:4   | Received a gift from Okawaru
 13479 | Lair:4   | Reached skill level 12 in Unarmed Combat
 14021 | Lair:4   | Identified the +1 robe of the Cicada {rF++ rC+ rN+ Str-4}
                  | (Okawaru gifted it to you on level 4 of the Lair of Beasts)
 14021 | Lair:4   | Received a gift from Okawaru
 14022 | Lair:4   | Reached skill level 13 in Unarmed Combat
 14357 | Lair:5   | Entered Level 5 of the Lair of Beasts
 14422 | Lair:4   | Reached skill level 14 in Unarmed Combat
 14640 | Lair:5   | Reached XP level 14. HP: 114/150 MP: 16/16
 14901 | Lair:5   | Slain by a death yak

Illustrated notes

Levels and vault maps discovered:
D:1:      kilobyte_arrival_exit_the_forest, layout_loops_ring,
          shapermc_ecumenical_altar_flowoftime, minmay_surrounded
D:2:      layout_basic, chequers_mini_garden
D:3:      lemuel_castle_with_subvaults [lemuel_castle_interior_carwin_2],
          layout_rooms, serial_shops, shop_statue, serial_curves,
          eino_curves_03, eino_curves_01, eino_curves_04, eino_curves_02
D:4:      layout_loops_ring, mainiacjoe_overflow_brackets, roderic_batcave,
          skrybe_limestone_x, uniq_grinder
D:5:      layout_basic, overflow_temple_1_default,
          chequers_serial_rivers_small_3, chequers_serial_rivers_micro_b
D:6:      layout_basic, nicolae_qazlal_eye_of_the_storm, nicolae_stop_n_shop_1,
          minivault_24
D:7:      layout_gridville, minmay_temple_entry_glass
D:8:      layout_basic, enter_bailey_2, minmay_between, uniq_pikel
D:9:      layout_long_grid, nicolae_vehumet_altar_sigil,
          cheibrodos_ashenzari_chains, uniq_joseph, uniq_erolcha,
          uniq_prince_ribbit1
D:10:     layout_stronghold, led_sif_book, lair_entry_dummy, erik_orc_3
D:11:     layout_loops_ring, nicolae_trove_entry_free_sample,
          nicolae_uskayaw_suspiria, uniq_gastronok
Temple:   nicolae_temple_superstar
Lair:1:   layout_cave_shapes, minmay_holes, chequers_serial_rivers_micro_e,
          serial_bayou_pond_a, grunt_megastairs_2
Lair:2:   layout_regular_city, shoals_dummy_entry,
          minmay_snake_entry_guardpost_small, grunt_megastairs_3,
          serial_bayou_shore_a
Lair:3:   layout_gridlike, hellmonk_ghost_happy_afterlife, uniq_fannar,
          uniq_snorg
Lair:4:   layout_hall_layers
Lair:5:   due_jungle_book, layout_cave_pods, slime_entry_2, serial_bayou_pond_c,
          kilobyte_rumbling_trees, grunt_megastairs_1, lemuel_fruit_tree

Skill      XL: |  1  2  3  4  5  6  7  8  9 10 11 12 13 |
---------------+----------------------------------------+-----
Unarmed Combat | 4 5 6 8 9 10 14 | 14.0
Fighting       | 5 9 12 | 12.8
Invocations    | 1 5 |  5.0
Dodging        | 6 10 | 10.0
Shields        | 3 6 |  6.0
Spellcasting   | |  1.2
Transmutations | |  1.3

Action                   |  1- 3 |  4- 6 |  7- 9 | 10-12 | 13-15 || total
-------------------------+-------+-------+-------+-------+-------++-------
Melee: Unarmed           |   114 |   135 |   328 |   666 |   381 ||  1624
       Punch             |     3 |     3 |    10 |    35 |       ||    51
       Kick              |       |     2 |     1 |       |       ||     3
       Headbutt          |       |     1 |       |       |       ||     1
Throw: Boomerang         |       |       |       |    59 |       ||    59
       Dart              |       |       |       |     1 |       ||     1
 Cast: Beastly Appendage |       |     1 |     1 |       |       ||     2
Invok: Heroism           |       |       |       |    12 |    10 ||    22
       Finesse           |       |       |       |     1 |     2 ||     3
Evoke: Wand              |       |       |       |     1 |       ||     1
  Use: Scroll            |     4 |     3 |    11 |     4 |       ||    22
       Potion            |       |       |       |     3 |     1 ||     4
 Stab: Sleeping          |       |       |       |     1 |       ||     1
Armor: Robe              |    54 |    58 |   160 |   113 |    28 ||   413
       Skin              |       |       |       |    14 |       ||    14
       Acid dragon scale |       |       |       |   143 |    44 ||   187
Dodge: Dodged            |    50 |    52 |   161 |   337 |   139 ||   739
Block: Kite shield       |       |       |       |    37 |   128 ||   165
